[ AOE2 MATCH · #504675634 ]
UnrankedKhitans vs Turks
Player's team · WIN
Rival team · LOSS
[ REPLAY ANALYSIS · EXTRACTED FROM THE RECORDED GAME ]
Feudal
11:04
Castle
—
Imperial
—
| APM avg | 83.6 |
| APM peak | 114 |
| eAPM avg | 42.5 |
| Villagers / military | 36 / 13 |
Focus
⚔️ 47.9% · 🌾 52.1%
Archer ×11 · Militia ×2
Feudal
9:44
Castle
—
Imperial
—
| APM avg | 30.2 |
| APM peak | 53 |
| eAPM avg | 15.1 |
| Villagers / military | 41 / 9 |
Focus
⚔️ 25.9% · 🌾 74.1%
Archer ×5 · Skirmisher ×4
Match map
Initial resources + every placement click. Lines = walls · curves = elevation contours. ◆ gold · ⬟ stone · ● berries · ✦ relic · ◌ wall gap
Your base· ✓ Closed at 17:43 · 34t walls · 1 gate(s)
TheBoogeyman's base· Open — unwalled flank
Smoothed initial terrain · ◌ = detected wall gap · hover for details
Inputs per minute
— itsa true - - TheBoogeyman
Build order — itsa true
97 actions detected in the replay
| 0:00 | Queue | Villager (Male) |
| 0:00 | Queue | Villager (Male) |
| 0:01 | Queue | Villager (Male) |
| 0:01 | Queue | Villager (Male) |
| 0:02 | Build | House |
| 0:03 | Build | House |
| 1:18 | Queue | Villager (Male) |
| 1:45 | Queue | Villager (Male) |
| 2:01 | Queue | Villager (Male) |
| 2:39 | Queue | Villager (Male) |
| 2:43 | Build | Lumber Camp |
| 2:50 | Queue | Villager (Male) |
| 3:13 | Queue | Villager (Male) |
| 3:31 | Queue | Villager (Male) |
| 3:48 | Build | House |
| 4:00 | Queue | Villager (Male) |
| 4:19 | Build | House |
| 4:29 | Queue | Villager (Male) |
| 4:51 | Queue | Villager (Male) |
| 5:02 | Build | Barracks |
| 5:32 | Build | House |
| 5:39 | Queue | Villager (Male) |
| 5:57 | Queue | Militia |
| 5:58 | Queue | Militia |
| 6:09 | Queue | Villager (Male) |
| 6:27 | Build | Mill |
| 6:37 | Queue | Villager (Male) |
| 6:55 | Research | Loom |
| 7:03 | Queue | Villager (Male) |
| 7:27 | Build | Mill |
| 7:57 | Queue | Villager (Male) |
| 8:29 | Queue | Villager (Male) |
| 8:43 | Build | House |
| 8:52 | Research | Feudal Age |
| 9:04 | Build | Palisade Wall |
| 9:11 | Build | Lumber Camp |
| 9:33 | Build | Palisade Wall |
| 9:40 | Build | Palisade Wall |
| 10:11 | Build | Palisade Gate |
| 10:16 | Build | Palisade Wall |
| 10:29 | Build | Palisade Wall |
| 10:30 | Build | House |
| 10:34 | Build | Palisade Wall |
| 10:43 | Build | Palisade Wall |
| 10:43 | Queue | Villager (Male) |
| 11:04 | Age | Feudal Age |
| 11:06 | Build | Archery Range |
| 11:11 | Queue | Villager (Male) |
| 11:30 | Queue | Villager (Male) |
| 11:33 | Build | Mining Camp |
| 11:38 | Build | House |
| 11:49 | Research | Double-Bit Axe |
| 11:59 | Queue | Villager (Male) |
| 12:02 | Build | House |
| 12:14 | Queue | Archer |
| 12:32 | Research | Tech 1014 |
| 12:33 | Queue | Villager (Male) |
| 12:46 | Queue | Archer |
| 12:52 | Queue | Villager (Male) |
| 13:07 | Build | Pasture |
| 13:11 | Queue | Archer |
| 13:17 | Queue | Villager (Male) |
| 13:27 | Build | Pasture |
| 13:50 | Queue | Villager (Male) |
| 13:53 | Queue | Archer |
| 13:58 | Build | Blacksmith |
| 14:11 | Queue | Villager (Male) |
| 14:14 | Build | House |
| 14:24 | Build | Pasture |
| 14:31 | Queue | Archer |
| 14:34 | Queue | Villager (Male) |
| 14:43 | Research | Fletching |
| 14:50 | Queue | Archer |
| 14:54 | Queue | Villager (Male) |
| 15:11 | Build | House |
| 15:12 | Build | House |
| 15:16 | Queue | Villager (Male) |
| 15:27 | Build | Pasture |
| 15:41 | Build | Pasture |
| 15:44 | Queue | Archer |
| 15:47 | Queue | Villager (Male) |
| 16:10 | Build | Pasture |
| 16:15 | Queue | Villager (Male) |
| 16:21 | Build | House |
| 16:22 | Queue | Archer |
| 16:48 | Build | Pasture |
| 16:50 | Queue | Villager (Male) |
| 17:05 | Build | House |
| 17:06 | Queue | Archer |
| 17:07 | Queue | Villager (Male) |
| 17:17 | Build | Pasture |
| 17:37 | Build | House |
| 17:43 | Research | Castle Age |
| 17:58 | Build | Archery Range |
| 18:01 | Queue | Archer |
| 18:22 | Research | Gold Mining |
| 18:24 | Queue | Archer |
Build order — TheBoogeyman
97 actions detected in the replay
| 0:01 | Queue | Villager (Male) |
| 0:01 | Queue | Villager (Male) |
| 0:02 | Build | House |
| 0:03 | Build | House |
| 0:09 | Queue | Villager (Male) |
| 0:09 | Queue | Villager (Male) |
| 0:10 | Queue | Villager (Male) |
| 1:29 | Queue | Villager (Male) |
| 1:29 | Queue | Villager (Male) |
| 1:53 | Build | Lumber Camp |
| 1:59 | Queue | Villager (Male) |
| 2:13 | Queue | Villager (Male) |
| 2:13 | Queue | Villager (Male) |
| 2:44 | Queue | Villager (Male) |
| 2:44 | Queue | Villager (Male) |
| 3:01 | Queue | Villager (Male) |
| 3:33 | Queue | Villager (Male) |
| 3:33 | Queue | Villager (Male) |
| 3:47 | Queue | Villager (Male) |
| 3:47 | Queue | Villager (Male) |
| 3:51 | Build | House |
| 4:16 | Build | House |
| 4:24 | Build | Mill |
| 4:33 | Queue | Villager (Male) |
| 4:42 | Queue | Villager (Male) |
| 5:27 | Queue | Villager (Male) |
| 5:27 | Queue | Villager (Male) |
| 5:38 | Queue | Villager (Male) |
| 6:21 | Queue | Villager (Male) |
| 7:00 | Build | Mill |
| 7:04 | Research | Loom |
| 7:34 | Research | Feudal Age |
| 7:34 | Research | Feudal Age |
| 7:58 | Build | Mining Camp |
| 9:31 | Queue | Villager (Male) |
| 9:44 | Age | Feudal Age |
| 9:49 | Build | Barracks |
| 10:11 | Queue | Villager (Male) |
| 10:16 | Research | Double-Bit Axe |
| 10:35 | Queue | Villager (Male) |
| 10:46 | Build | Archery Range |
| 10:56 | Queue | Villager (Male) |
| 11:30 | Build | House |
| 11:32 | Build | House |
| 11:33 | Build | House |
| 11:36 | Queue | Villager (Male) |
| 11:38 | Queue | Archer |
| 11:48 | Build | Palisade Gate |
| 11:51 | Build | House |
| 11:59 | Queue | Villager (Male) |
| 12:01 | Queue | Archer |
| 12:14 | Build | Blacksmith |
| 12:22 | Queue | Villager (Male) |
| 12:27 | Research | Horse Collar |
| 12:50 | Queue | Villager (Male) |
| 12:55 | Build | Farm |
| 12:57 | Build | Farm |
| 13:01 | Build | Farm |
| 13:11 | Build | Palisade Wall |
| 13:26 | Queue | Villager (Male) |
| 13:28 | Build | Farm |
| 13:29 | Build | Farm |
| 13:39 | Queue | Archer |
| 14:02 | Queue | Villager (Male) |
| 14:09 | Queue | Archer |
| 14:24 | Queue | Archer |
| 14:25 | Queue | Villager (Male) |
| 14:42 | Build | Farm |
| 14:42 | Build | Farm |
| 14:43 | Build | Farm |
| 14:58 | Queue | Villager (Male) |
| 15:06 | Build | Farm |
| 15:11 | Queue | Villager (Male) |
| 15:19 | Build | Palisade Wall |
| 15:27 | Build | Palisade Wall |
| 15:32 | Build | Palisade Wall |
| 15:35 | Queue | Villager (Male) |
| 15:39 | Build | Palisade Wall |
| 16:03 | Queue | Villager (Male) |
| 16:08 | Build | Farm |
| 16:09 | Build | Farm |
| 16:10 | Build | Farm |
| 16:12 | Build | Farm |
| 16:17 | Queue | Villager (Male) |
| 16:32 | Build | House |
| 16:33 | Build | House |
| 16:52 | Queue | Villager (Male) |
| 16:56 | Build | House |
| 16:59 | Build | House |
| 17:02 | Queue | Skirmisher |
| 17:02 | Queue | Skirmisher |
| 17:04 | Research | Fletching |
| 17:23 | Queue | Villager (Male) |
| 17:37 | Research | Wheelbarrow |
| 18:00 | Queue | Skirmisher |
| 18:05 | Research | Town Watch |
| 18:19 | Queue | Skirmisher |
Match timeline
| 5:02 | itsa true · first_building Barracks |
| 9:04 | itsa true · wall_segment Palisade Wall x4 |
| 9:33 | itsa true · wall_segment Palisade Wall x4 |
| 9:40 | itsa true · wall_segment Palisade Wall x5 |
| 9:44 | TheBoogeyman · age_up feudal |
| 9:49 | TheBoogeyman · first_building Barracks |
| 10:16 | itsa true · wall_segment Palisade Wall x6 |
| 10:29 | itsa true · wall_segment Palisade Wall x4 |
| 10:34 | itsa true · wall_segment Palisade Wall x7 |
| 10:43 | itsa true · wall_segment Palisade Wall x4 |
| 10:46 | TheBoogeyman · first_building Archery Range |
| 11:04 | itsa true · age_up feudal |
| 11:06 | itsa true · first_building Archery Range |
| 13:11 | TheBoogeyman · wall_segment Palisade Wall x11 |
| 15:19 | TheBoogeyman · wall_segment Palisade Wall x5 |
| 15:27 | TheBoogeyman · wall_segment Palisade Wall x4 |
| 15:32 | TheBoogeyman · wall_segment Palisade Wall x11 |
| 15:39 | TheBoogeyman · wall_segment Palisade Wall x14 |
| 18:43 | TheBoogeyman · resign |
[ AI ANALYSIS · 1 CREDIT ]
What really happened in this match?
Wolo.gg analyzes every decision: build order, eco, micro, common mistakes by bracket. Personalized analysis on WhatsApp or Discord in 30 seconds.
Civ guide
Khitans
Perfil
Jugador #10802610